 Dungeon Crawl Stone Soup version 0.19.5 (webtiles) character file.

6681 Peloso the Carver (level 10, -3/90 HPs)
             Began as a Minotaur Fighter on Apr 1, 2017.
             Slain by an orc warrior
             ... wielding a +0 war axe
              (26 damage)
             ... in a bailey.
             The game lasted 00:26:20 (8066 turns).

Peloso the Carver (Minotaur Fighter)                Turns: 8066, Time: 00:26:20

Health: -3/90      AC: 22    Str: 22    XL:     10   Next: 73%
Magic:  19/19      EV:  7    Int:  5    God:
Gold:   384        SH: 12    Dex: 12    Spells: 0 memorised, 9 levels left

rFire  . . .     SeeInvis .     R - +4 long sword (protect)
rCold  . . .     Gourm    .     y - +0 plate armour
rNeg   . . .     Faith    .     c - +0 shield
rPois  .         Spirit   .     (helmet restricted)
rElec  .         Reflect  .     A - +0 cloak
rCorr  .         Harm     .     (no gloves)
MR     .....                    (no boots)
Stlth  ..........               (no amulet)
                                (no ring)
                                F - ring of magical power

@: protection aura, very slightly contaminated
A: retaliatory headbutt, horns 2
a: no special abilities


You were in a bailey.
You were hungry.

You visited 1 branch of the dungeon, and saw 9 of its levels.
You also visited: Bailey.

You collected 540 gold pieces.
You spent 156 gold pieces at shops.

Inventory:

Hand Weapons
 a - a +0 long sword
 x - a +0 rapier of flaming
 H - the cursed +1 dagger of the Butterfly {speed, rC+ rN+ SInv, unknown}
   (You found it on level 7 of the Dungeon)

   Attacks with this weapon are significantly faster.
   It protects you from cold.
   It protects you from negative energy.
   It lets you see invisible.
   It has a curse placed upon it.
 R - a +4 long sword of protection (weapon)
 S - the +8 quarterstaff "Inwouvag" {freeze, Dex+7, unknown}
   (You took it off an orc in a bailey)

   It has been specially enchanted to freeze those struck by it, causing extra
   injury to most foes and up to half again as much damage against particularly
   susceptible opponents.
   It can also slow down cold-blooded creatures.
   It affects your dexterity (+7).
Armour
 c - a +0 shield (worn)
 v - a +0 cloak
 y - a +0 plate armour (worn)
 A - a +0 cloak (worn)
Jewellery
 F - a ring of magical power (left hand)
Wands
 B - a wand of flame (26/48)
 D - a wand of polymorph (8/24)
 J - a wand of iceblast (0/15)
 K - a wand of digging (8/24)
 N - a wand of acid (0/15)
 O - a wand of flame (34/48)
 P - a wand of digging (12/24)
Scrolls
 b - 5 scrolls of fog
 g - 3 scrolls of blinking
 h - 4 scrolls of enchant weapon
 i - 6 scrolls of remove curse
 j - 3 scrolls of amnesia {unknown}
 q - 4 scrolls of random uselessness {unknown}
 w - 3 scrolls of magic mapping
 z - 2 scrolls of identify
 C - a scroll of recharging
 L - 2 scrolls of enchant armour {unknown}
 Q - a scroll of acquirement {unknown}
Potions
 k - a potion of cure mutation
 n - a potion of magic
 o - 2 potions of curing
 p - a potion of cancellation
 r - a potion of invisibility
 s - 2 potions of flight
 E - a potion of brilliance
 G - 2 potions of resistance
 M - a potion of beneficial mutation {unknown}
Books
 u - a book of Annihilations

   Spells                             Type                      Level
   a - Poison Arrow                   Conjuration/Poison           6
   b - Chain Lightning                Conjuration/Air              8
   c - Lehudib's Crystal Spear        Conjuration/Earth            8
   d - Glaciate                       Conjuration/Ice              9
   e - Fire Storm                     Conjuration/Fire             9
Comestibles
 d - 3 chunks of flesh
 f - 2 bread rations
 l - 3 slices of pizza
 m - 4 meat rations


   Skills:
 + Level 8.4 Fighting
 + Level 12.1 Long Blades
 + Level 9.8 Armour
 + Level 2.1 Dodging
 + Level 0.3 Stealth
 + Level 9.9 Shields
 + Level 1.7 Evocations


You had 9 spell levels left.
You didn't know any spells.

Dungeon Overview and Level Annotations

Branches:
Dungeon (9/15)
 Temple: D:4-7         Lair: D:8-11         Orc: D:9-12

Altars:
Elyvilon
Gozag
Makhleb
Trog

Shops:
D:4 *[*(   D:8 (


Innate Abilities, Weirdness & Mutations

You reflexively headbutt those who attack you in melee.
You have a pair of horns on your head.


Message History

Your weapon exudes an aura of protection.
Your headbutt misses the orc knight.
The orc knight is severely wounded.
The orc knight hits you but does no damage.
You hit the orc knight but do no damage.
The orc knight is severely wounded.
The orc knight completely misses you.
You slash the orc knight! Your headbutt misses the orc knight.
The orc knight is almost dead.
Your plate armour prevents you from hitting the orc knight.
The orc knight is almost dead.
You block the orc knight's attack.
You slash the orc knight!
The orc knight is almost dead.
You hit the orc knight.
You kill the orc knight!
Your Long Blades skill increases to level 12!
You miss the orc warrior.
The orc warrior hits you with a war axe!!
You die...

##.......## ....##.......
#.........# ....#........
##.........## ..###........
#.....⌠.....###'###.....⌠...
##.........##88.88##........
#.........#.......#........
##.......##.......##o......
#.......o)........).......
##.....##@........##.....#
#######.....⌠.....#######
##.........# #.........#
##.......## #.......#
##..∩..## ######


You could see an orc warrior.

Vanquished Creatures
  An orc warlord (Bailey)
  2 orc knights (Bailey)
  2 hungry ghosts
  Duvessa (D:4)
  3 ice beasts (D:5)
  2 black bears (D:8)
  A sky beast (D:7)
  8 orc warriors
  2 centaurs
  2 crocodiles (D:8)
  5 bullfrogs
  Dowan (D:4)
  A wyvern skeleton (D:8)
  4 scorpions
  6 killer bees
  3 howler monkeys (D:8)
  4 crimson imps
  6 hounds
  An iron imp (D:2)
  Crazy Yiuf (D:2)
  2 jellies (D:8)
  2 centaur skeletons
  A gnoll shaman (D:4)
  4 orc priests
  A bullfrog skeleton (D:8)
  Ijyb (D:4)
  An iguana (D:8)
  4 orc wizards
  11 worker ants
  A killer bee zombie (D:7)
  2 hound skeletons
  A worker ant zombie (D:7)
  18 gnolls
  A howler monkey skeleton (D:7)
  8 adders
  A shadow imp (D:8)
  An ooze (D:6)
  An adder skeleton (D:4)
  An adder zombie (D:7)
  A worm (D:2)
  3 dart slugs
  3 leopard geckos
  32 orcs
  11 bats
  9 giant cockroaches
  28 goblins
  22 hobgoblins
  17 jackals
  5 kobolds
  3 quokkas
  5 frilled lizards
  A giant cockroach zombie (D:3)
  A quokka zombie (D:5)
  11 rats
270 creatures vanquished.

Notes
Turn   | Place    | Note
-------+----------+-------------------------------------------
     0 | D:1      | Peloso the Minotaur Fighter began the quest for the Orb.
     0 | D:1      | Reached XP level 1. HP: 19/19 MP: 0/0
    73 | D:1      | Reached XP level 2. HP: 27/27 MP: 1/1
   327 | D:1      | Reached XP level 3. HP: 27/34 MP: 2/2
   672 | D:2      | Reached skill level 3 in Long Blades
   675 | D:2      | Found an opulent altar of Gozag.
   750 | D:2      | Found a runed door.
   854 | D:2      | Found a faded altar of an unknown god.
   865 | D:2      | Reached skill level 1 in Dodging
   899 | D:2      | Reached XP level 4. HP: 40/41 MP: 3/3
  1058 | D:2      | Found a burning altar of Makhleb.
  1129 | D:2      | Noticed Crazy Yiuf
  1133 | D:2      | Killed Crazy Yiuf
  1133 | D:2      | Reached XP level 5. HP: 47/47 MP: 4/4
  1296 | D:3      | Reached skill level 4 in Long Blades
  1477 | D:3      | Found a white marble altar of Elyvilon.
  1527 | D:3      | Reached skill level 5 in Armour
  1935 | D:3      | Reached skill level 5 in Long Blades
  1935 | D:3      | Reached XP level 6. HP: 45/53 MP: 5/5
  1955 | D:4      | Found Ropuecao's Assorted Antiques.
  2025 | D:4      | Found Fenuere's Armour Shop.
  2064 | D:4      | Found Ryluisi's General Store.
  2142 | D:4      | Bought a scroll of magic mapping for 42 gold pieces
  2142 | D:4      | Bought a scroll of enchant weapon for 90 gold pieces
  2142 | D:4      | Bought a scroll of identify for 24 gold pieces
  2179 | D:4      | Found Qoawig's Food Shoppe.
  2287 | D:4      | Found Beesunal's Antique Weapon Shoppe.
  2291 | D:4      | Noticed Dowan
  2292 | D:4      | Noticed Duvessa
  2408 | D:4      | Killed Duvessa
  2408 | D:4      | Reached skill level 5 in Shields
  2505 | D:4      | Killed Dowan
  2505 | D:4      | Reached skill level 5 in Fighting
  2505 | D:4      | Reached skill level 6 in Long Blades
  2505 | D:4      | Reached XP level 7. HP: 32/61 MP: 6/6
  2872 | D:4      | Noticed Ijyb
  2902 | D:4      | Killed Ijyb
  3354 | D:5      | Entered Level 5 of the Dungeon
  3409 | D:5      | Reached skill level 7 in Long Blades
  3445 | D:5      | Reached XP level 8. HP: 53/69 MP: 7/7
  4291 | D:6      | Reached skill level 8 in Long Blades
  4714 | D:7      | Found a bloodstained altar of Trog.
  4753 | D:7      | Got a fine dagger
  5219 | D:7      | Reached skill level 9 in Long Blades
  5219 | D:7      | Reached XP level 9. HP: 39/75 MP: 8/8
  6139 | D:8      | Found Solaiwna's Antique Weapon Boutique.
  6356 | D:8      | Reached skill level 10 in Long Blades
  6684 | D:8      | Found a bloodstained altar of Trog.
  6861 | D:9      | Found a flagged portal.
  6871 | Bailey   | Entered a bailey
  7286 | Bailey   | Noticed an orc knight
  7294 | Bailey   | Reached XP level 10. HP: 45/86 MP: 9/9
  7568 | Bailey   | Reached skill level 11 in Long Blades
  7787 | Bailey   | Killed an orc knight
  7934 | Bailey   | Got a pitted quarterstaff {freeze}
  7975 | Bailey   | Noticed an orc warlord
  8008 | Bailey   | HP: 2/88 [orc warlord/enchanted long sword (19)]
  8025 | Bailey   | Noticed an orc knight
  8029 | Bailey   | Killed an orc warlord
  8029 | Bailey   | Reached skill level 1 in Evocations
  8065 | Bailey   | Killed an orc knight
  8065 | Bailey   | Reached skill level 12 in Long Blades
  8066 | Bailey   | Slain by an orc warrior

Skill      XL: |  1  2  3  4  5  6  7  8  9 10 |
---------------+-------------------------------+-----
Fighting       | 4 5 6 7 8 |  8.4
Armour         | 4 5 6 7 9 |  9.8
Long Blades    | 3 5 6 7 9 10 12 | 12.1
Shields        | 4 5 6 7 9 |  9.9
Dodging        | 1 2 |  2.1
Evocations     | 1 |  1.7
Stealth        | |  0.3

Action                   |  1- 3 |  4- 6 |  7- 9 | 10-12 || total
-------------------------+-------+-------+-------+-------++-------
Melee: Long sword        |    86 |   130 |   628 |   165 ||  1009
       Headbutt          |    19 |    20 |   123 |    30 ||   192
Evoke: Wand              |       |       |     2 |    13 ||    15
  Use: Scroll            |       |       |    18 |     4 ||    22
       Potion            |       |       |     2 |     5 ||     7
  Eat: Chunk             |       |     5 |    19 |     2 ||    26
       Beef jerky        |       |       |     1 |       ||     1
Armor: Scale mail        |    45 |    25 |       |       ||    70
       Chain mail        |       |    24 |       |       ||    24
       Plate armour      |       |    10 |   300 |    30 ||   340
Dodge: Dodged            |    27 |    27 |   103 |    22 ||   179
Block: Shield            |    56 |    64 |   341 |    71 ||   532
       Rpst.: Long sword |     9 |    11 |    31 |     4 ||    55
